 Dungeon Crawl Stone Soup version 0.20.0-15-g7f486f2 (webtiles) character file.

630 NoAnimeNoLife the Cudgeler (level 7, -5/44 HPs)
             Began as a Gargoyle Fighter on June 13, 2017.
             Was an Initiate of Ashenzari.
             Slain by an ogre
             ... wielding a +0 giant spiked club
              (15 damage)
             ... on level 4 of the Dungeon.
             The game lasted 00:05:45 (3445 turns).

NoAnimeNoLife the Cudgeler (Gargoyle Fighter)       Turns: 3445, Time: 00:05:46

Health: -5/44      AC: 12    Str: 19    XL:     7   Next: 48%
Magic:  7/7        EV:  8    Int:  9    God:    Ashenzari [......]
Gold:   160        SH: 10    Dex: 11    Spells: 6/6 levels left

rFire    . . .     SeeInvis .   a - +0 flail
rCold    . . .     Gourm    .   c - +1 shield
rNeg     + . .     Faith    .   b - +0 scale mail
rPois    ∞         Spirit   .   (no helmet)
rElec    +         Reflect  .   (no cloak)
rCorr    .         Harm     .   (no gloves)
MR       .....                  (no boots)
Stlth    ..........             (no amulet)
Regen    0.2/turn               (no ring)
MPRegen  0.1/turn               (no ring)

@: no status effects
A: negative energy resistance 1, electricity resistance, unbreathing,
petrification resistance, rot immunity, AC +4
a: Curse Item, Renounce Religion


You were on level 4 of the Dungeon.
You worshipped Ashenzari.
Ashenzari was noncommittal.
You were hungry.

You visited 1 branch of the dungeon, and saw 5 of its levels.

You collected 160 gold pieces.

Inventory:

Hand Weapons
 a - a +0 flail (weapon)
Armour
 b - a +0 scale mail (worn)
 c - a +1 shield (worn)
 p - a +0 ring mail
Wands
 q - a wand of flame (30/48)
Scrolls
 k - 4 scrolls of recharging
 n - 4 scrolls of identify
Potions
 d - a potion of might
 e - a potion of curing
 g - a potion of lignification
Comestibles
 f - 3 bread rations
 h - 2 meat rations
 o - 2 royal jellies


   Skills:
 - Level 4.3 Fighting
 + Level 5.9 Maces & Flails
 - Level 4.5 Armour
 - Level 1.1 Dodging
 - Level 5.0 Shields


You had 6 spell levels left.
You didn't know any spells.

Dungeon Overview and Level Annotations

Branches:
Dungeon (5/15)
 Temple: D:4-7

Altars:
Ashenzari
Cheibriados
Elyvilon
Hepliaklqana
Sif Muna


Innate Abilities, Weirdness & Mutations

You are resistant to torment.
Your stone body is resilient. (AC +4)
You are immune to poison.
You resist negative energy. (rN+)
You are resistant to electric shocks. (rElec)
You can survive without breathing.
You are immune to petrification.
You are immune to rotting.


Message History

You hit the ogre.
The ogre is lightly wounded.
The orc hits you but does no damage. The ogre barely misses you.
The orc barely misses you.
You sock the ogre!
The ogre is heavily wounded.
You block the ogre's attack. You block the orc's attack.
You thump the ogre!
The ogre is severely wounded.
The ogre barely misses you. The orc hits you but does no damage.
You hit the ogre.
The ogre is severely wounded.
You block the orc's attack.
The ogre hits you with a giant spiked club!
* * * LOW HITPOINT WARNING * * *
You barely miss the ogre.
The ogre is severely wounded.
The orc hits you but does no damage.
The ogre hits you with a giant spiked club!
You die...

######
#######
#.....# #
#.....#.#####
#....@Ow....#
#.....o...#.#
#........##
.......##.##
#.##... .. #
#### .## #


You could see an ogre, a worm and an orc.

Vanquished Creatures
  Sigmund (D:3)
  2 ogres
  2 hounds
  An orc priest (D:4)
  Natasha (D:2)
  2 orc wizards (D:4)
  A worker ant (D:5)
  3 gnolls (D:2)
  2 adders
  2 worms
  3 dart slugs
  3 leopard geckos
  4 orcs
  2 giant cockroaches
  6 goblins
  5 hobgoblins
  2 jackals (D:3)
  8 kobolds
  A ball python (D:1)
  5 bats
  3 frilled lizards
  5 rats
64 creatures vanquished.

Notes
Turn   | Place    | Note
-------+----------+-------------------------------------------
     0 | D:1      | NoAnimeNoLife the Gargoyle Fighter began the quest for the Orb.
     0 | D:1      | Reached XP level 1. HP: 14/14 MP: 1/1
    80 | D:1      | Reached XP level 2. HP: 10/19 MP: 2/2
   640 | D:1      | Reached XP level 3. HP: 23/23 MP: 3/3
   848 | D:2      | Found a snail-covered altar of Cheibriados.
   914 | D:2      | Noticed Natasha
   924 | D:2      | Killed Natasha
   927 | D:2      | HP: 1/23 [worm (4)]
   957 | D:2      | Reached XP level 4. HP: 4/28 MP: 4/4
  1675 | D:2      | Found a white marble altar of Elyvilon.
  2050 | D:3      | Found a hazy altar of Hepliaklqana.
  2058 | D:3      | Reached XP level 5. HP: 26/33 MP: 5/5
  2062 | D:3      | Found a shattered altar of Ashenzari.
  2169 | D:3      | You fall through a shaft for 2 floors!
  2169 | D:5      | Entered Level 5 of the Dungeon
  2228 | D:5      | Noticed an ogre
  2239 | D:5      | Killed an ogre
  2239 | D:5      | Reached XP level 6. HP: 38/38 MP: 6/6
  2646 | D:4      | Reached skill level 5 in Maces & Flails
  2652 | D:4      | Reached XP level 7. HP: 43/43 MP: 7/7
  2733 | D:3      | Noticed Sigmund
  2758 | D:3      | Killed Sigmund
  2758 | D:3      | Reached skill level 1 in Dodging
  2758 | D:3      | Reached skill level 5 in Shields
  3215 | D:3      | Became a worshipper of Ashenzari the Shackled
  3355 | D:3      | Found a deep blue altar of Sif Muna.
  3445 | D:4      | Slain by an ogre

Skill      XL: |  1  2  3  4  5  6  7 |
---------------+----------------------+-----
Shields        | 4 5 |  5.0
Maces & Flails | 3 4 5 |  5.9
Armour         | 4 |  4.5
Fighting       | 4 |  4.3
Dodging        | 1 |  1.1

Action                   |  1- 3 |  4- 6 |  7- 9 || total
-------------------------+-------+-------+-------++-------
Melee: Flail             |   120 |   109 |    80 ||   309
  Use: Scroll            |       |     5 |       ||     5
       Potion            |       |       |     5 ||     5
  Eat: Chunk             |       |     6 |     2 ||     8
Armor: Scale mail        |    79 |    26 |    37 ||   142
       Ring mail         |       |    11 |       ||    11
Dodge: Dodged            |    56 |    35 |    26 ||   117
Block: Shield            |    74 |    52 |    50 ||   176
